 Dungeon Crawl Stone Soup version 0.26-a0-490-gf8362a0c98 (webtiles) character file.

Game seed: 14208977627640150515

50 KristoblXynda the Ducker (level 3, -3/27 HPs)
             Began as a Vampire Gladiator on Aug 4, 2020.
             Slain by a goblin
             ... wielding a +0 dagger
             ... led by Robin
              (7 damage)
             ... on level 2 of the Dungeon.
             The game lasted 00:01:17 (520 turns).

KristoblXynda the Ducker (Vampire Gladiator)         Turns: 520, Time: 00:01:17

Health: -3/27      AC:  4    Str: 14    XL:     3   Next: 55%
Magic:  3/3        EV: 13    Int: 10    God:
Gold:   84         SH:  0    Dex: 15    Spells: 2/2 levels left

rFire    . . .     SeeInvis +   a - +0 long sword
rCold    . . .     Faith    .   (no shield)
rNeg     . . .     Spirit   .   b - +0 leather armour
rPois    .         Reflect  .   c - +0 helmet
rElec    .         Harm     .   (no cloak)
rCorr    .                      (no gloves)
MR       .....                  (no boots)
Stlth    +.........             (no amulet)
HPRegen  0.29/turn              (no ring)
MPRegen  0.08/turn              (no ring)

@: regenerating quickly
A: fangs 3, see invisible, unbreathing
a: Exsanguinate


You were on level 2 of the Dungeon.
You visited 1 branch of the dungeon, and saw 2 of its levels.

You collected 84 gold pieces.

Inventory:

Hand Weapons
 a - a +0 long sword (weapon)
Missiles
 d - 3 throwing nets (quivered)
Armour
 b - a +0 leather armour (worn)
 c - a +0 helmet (worn)
Jewellery
 i - an uncursed ring of protection from cold {unknown}
Scrolls
 e - a scroll of blinking {unknown}
 g - 2 scrolls of identify {unknown}
 h - 2 scrolls of teleportation {unknown}
 j - a scroll of remove curse {unknown}
 k - a scroll of enchant armour {unknown}


   Skills:
 + Level 2.3 Fighting
 + Level 3.4 Long Blades
 + Level 2.1 Throwing
 + Level 3.7 Dodging


You had 2 spell levels left.
You didn't know any spells.
Your spell library was empty.

Dungeon Overview and Level Annotations

Branches:
Dungeon (2/15)

Altars:

Annotations:
D:2 Robin


Innate Abilities, Weirdness & Mutations

Your natural rate of healing is unusually fast.
You have razor-sharp teeth.
You have supernaturally acute eyesight. (SInv)
You can survive without breathing.


Message History

* * * LOW HITPOINT WARNING * * *
You feel sick.
The goblin no longer looks unusually strong.
The hobgoblin no longer looks unusually strong.
The goblin no longer looks unusually strong.
You aren't carrying any potions.
* * * LOW HITPOINT WARNING * * *
You feel sick.
Found a stone staircase leading down.
You see here 10 poisoned darts.
There is a stone staircase leading down here.
* * * LOW HITPOINT WARNING * * *
You feel sick.
You are no longer poisoned.
Robin roars a battlecry!
Robin throws the goblin at you! The goblin barely misses you.
The goblin hits you but does no damage.
There is a stone staircase leading up here.
The goblin hits you with a +0 dagger!
You die...

≈≈≈ ≈≈ .. ## .## .. ..###
.. #.#... . ... #....# ...
...# #@###..#.. #.. ...##
#g#..#...#...#. ...#
##g.#...#...#...#.
#..##S#...#...#...#..
#..#g..#...#...#...#.
####.g.#...#...#...#...# #
##.g...g..#...#...#...#..
#.
##..###s.#.).#...#...#...#
#.. ###.g##
#....#.†.#...#...#..


You could see Robin, an adder, a giant cockroach, a hobgoblin and 3 goblins.

Vanquished Creatures
  Terence (D:1)
  A worm (D:2)
  A dart slug (D:2)
  4 bats
  A giant cockroach (D:1)
  6 goblins
  2 hobgoblins (D:2)
  A frilled lizard (D:2)
  3 kobolds
  3 rats (D:2)
23 creatures vanquished.

Notes
Turn   | Place    | Note
-------+----------+-------------------------------------------
     0 | D:1      | KristoblXynda the Vampire Gladiator began the quest for the
                  | Orb.
     0 | D:1      | Reached XP level 1. HP: 16/16 MP: 1/1
   329 | D:2      | Noticed Terence
   333 | D:2      | Reached XP level 2. HP: 22/22 MP: 2/2
   347 | D:1      | Killed Terence
   347 | D:1      | Reached XP level 3. HP: 27/27 MP: 3/3
   476 | D:2      | Noticed Robin
   499 | D:2      | HP: 1/27 [hobgoblin[Robin] (5)]
   506 | D:2      | HP: 1/27 [poisoned by an adder]
   520 | D:2      | Slain by a goblin

Illustrated notes

Levels and vault maps discovered:
D:1:      ncdulo_watergridlock, layout_rooms, minmay_pentomino_s2
D:2:      layout_rooms, minitemple, kennysheep_flooded_box, hex_large,
          lemuel_altar_in_water, uniq_robin, uniq_terence

Skill      XL: |  1  2 |
---------------+-------+-----
Fighting       | 2 |  2.3
Throwing       | 2 |  2.1
Long Blades    | |  3.4
Dodging        | |  3.7

Action                   || total
-------------------------++-------
Melee: Long sword        ||    61
       Bite              ||     7
  Use: Potion            ||     1
Armor: Leather armour    ||    36
Dodge: Dodged            ||    68
       Rpst.: Long sword ||    18

Table legend: (Time is in decaauts)
 A = Elapsed time spent in this place.
 B = Non-inter-level travel time spent in this place.
 C = Inter-level travel time spent in this place.
 D = Time resting spent in this place.
 E = Time spent auto-exploring this place.
 F = Levels seen in this place.
 G = Mean time per level.
                   A        B        C        D        E       F      G
               +--------+--------+--------+--------+--------+-----+--------+
         Total |    536 |    536 |      0 |      0 |    329 |   2 |  268.0 |
       Dungeon |    536 |    536 |      0 |      0 |    329 |   2 |  268.0 |
               +--------+--------+--------+--------+--------+-----+--------+

Top non-repeatable levels by time:
     D:1: 353 daAuts
     D:2: 183 daAuts
